 Dungeon Crawl Stone Soup version 0.21-a0-143-g1ab7d47 (webtiles) character file.

88 drasked the Magician (level 4, 0/24 HPs)
             Began as a Deep Elf Wizard on July 24, 2017.
             Slain by Pikel
             ... wielding a +0 whip of freezing
              (2 damage)
             ... on level 3 of the Dungeon.
             The game lasted 00:07:21 (2335 turns).

drasked the Magician (Deep Elf Wizard)              Turns: 2335, Time: 00:07:21

Health: 0/24       AC:  3    Str:  4    XL:     4   Next: 30%
Magic:  2/12       EV: 13    Int: 24    God:
Gold:   134        SH:  0    Dex: 13    Spells: 3/11 levels left

rFire    . . .     SeeInvis .   t - +0 dagger (venom)
rCold    . . .     Gourm    +   (no shield)
rNeg     . . .     Faith    .   a - +0 robe
rPois    .         Spirit   .   b - +0 hat
rElec    .         Reflect  .   (no cloak)
rCorr    .         Harm     .   (no gloves)
MR       .....                  s - +0 pair of boots
Stlth    ++........             l - amulet of the gourmand {Gourm, !d}
HPRegen  0.08/turn              (no ring)
MPRegen  0.13/turn              (no ring)

@: no status effects
A: no striking features
a: no special abilities


You were on level 3 of the Dungeon.
You were not hungry.

You visited 1 branch of the dungeon, and saw 4 of its levels.

You collected 134 gold pieces.

Inventory:

Hand Weapons
 t - a +0 dagger of venom (weapon)
   (You found it on level 3 of the Dungeon)
Armour
 a - a +0 robe (worn)
 b - a +0 hat (worn)
 s - a +0 pair of boots (worn)
   (You found it on level 3 of the Dungeon)
Jewellery
 l - an amulet of the gourmand (around neck) {Gourm, !d}
   (You found it on level 2 of the Dungeon)
Scrolls
 f - 2 scrolls of enchant weapon {unknown}
 g - 2 scrolls of identify
 i - a scroll of remove curse
Potions
 e - a potion of resistance {unknown}
 h - a potion of mutation {unknown}
 j - a potion of lignification {!q}
 o - a potion of flight {unknown}
 p - a potion of cancellation {unknown}
 q - a potion of agility {unknown}
Books
 c - a book of Minor Magic
Comestibles
 d - 5 bread rations {@e1}
 k - a meat ration {@e2}


   Skills:
 - Level 2.4 Dodging
 - Level 2.4 Stealth
 - Level 4.4 Spellcasting
 + Level 4.1 Conjurations
 - Level 1.1 Summonings
 - Level 1.1 Translocations
 - Level 1.1 Air Magic
 - Level 1.0 Poison Magic


You had 3 spell levels left.
You knew the following spells:

 Your Spells              Type           Power        Failure   Level  Hunger
a - Magic Dart            Conj           ####         1%          1    None
b - Blink                 Tloc           N/A          9%          2    None
c - Call Imp              Summ           ##......     9%          2    None
x - Mephitic Cloud        Conj/Pois/Air  ###.....     12%         3    ##.....


Dungeon Overview and Level Annotations

Branches:
Dungeon (4/15)
 Temple: D:4-7

Altars:

Annotations:
D:3 Pikel


Message History

Done exploring.
Done exploring.
Done exploring.
Done exploring.
Done exploring.
There is a stone staircase leading down here.
You climb downwards. 4 slaves and Pikel come into view.
Pikel is wielding a whip of freezing.
There is a stone staircase leading up here.
Okay, then.
You blink.
The slave shouts! x4
You now have 10/12 mp.
You see here 17 bolts.
Pikel closely misses you.
Okay, then. (m)acro, (M)acro raw, keymap [(k) default, (x) level-map, (t)argeting, (c)onfirm, m(e)nu], (s)ave?
Input macro trigger key: 2 Current Action: zb Do you wish to (r)edefine, (c)lear, or (a)bort?
Input macro action: Deleted macro for '2'. (m)acro, (M)acro raw, keymap [(k) default, (x) level-map, (t)argeting, (c)onfirm, m(e)nu], (s)ave?
Input macro trigger key: 2 Input macro action: Zx Created macro '2' => 'Zx'.
Unknown command.
The ball explodes into a vile cloud!
The stinking cloud engulfs Pikel.
Pikel hits you with a whip of freezing. Pikel freezes you.
You take 4 damage, and have 20/24 hp.
You now have 8/12 mp.
You see here 3 gold pieces.
Pikel waves a pair of manacles at you. Pikel hits you with a whip of freezing.
Pikel freezes you.
You take 3 damage, and have 17/24 hp.
The slave is engulfed in noxious fumes.
Pikel cracks his whip.
There is a stone staircase leading up here.
Pikel closely misses you.
You climb upwards.
There is a stone staircase leading down here.
You see here a quarterstaff.
Aim: Pikel, wielding a whip of freezing and wearing a robe The magic dart hits Pikel.
Pikel hits you with a whip of freezing. Pikel freezes you.
You take 3 damage, and have 15/24 hp.
You now have 10/12 mp.
Okay, then.
Pikel barely misses you.
You miscast Mephitic Cloud.
You are very lightly contaminated with residual magic.
Your vision is briefly tinged with green.
Pikel hits you with a whip of freezing. Pikel freezes you.
You take 5 damage, and have 10/24 hp.
MASSIVE DAMAGE!!
You now have 7/12 mp.
The ball explodes into a vile cloud!
The stinking cloud engulfs Pikel.
Pikel is engulfed in noxious fumes.
Pikel appears confused.
Pikel drinks a potion.
Pikel is healed!
Pikel seems less confused.
You now have 4/12 mp.
Pikel is engulfed in noxious fumes.
Pikel barely misses you.
You see here a quarterstaff.
Pikel says, "You'll fetch a fair price!"
A rat comes into view.
The rat moves out of view.
Pikel hits you with a whip of freezing.
* * * LOW HITPOINT WARNING * * *
Pikel freezes you.
* * * LOW HITPOINT WARNING * * *
You take 7 damage, and have 4/24 hp.
MASSIVE DAMAGE!!
Okay, then.
The ball explodes into a vile cloud!
The stinking cloud engulfs Pikel.
Pikel is engulfed in noxious fumes.
Pikel appears confused.
Pikel looks very confused.
Pikel hits himself with a whip of freezing!
Pikel freezes himself.
You now have 4/12 mp.
You catch the helpless Pikel completely off-guard!
You hit Pikel.
Pikel is poisoned.
Pikel is engulfed in noxious fumes.
Pikel appears confused.
Pikel looks very confused.
Aim: a rat The magic dart hits the rat.
You kill the rat!
Your magical contamination has completely faded away.
You now have 3/12 mp.
Aim: Pikel, wielding a whip of freezing and wearing a robe (heavily wounded, poisoned, confused)
The magic dart hits Pikel.
You now have 2/12 mp.
Aim: Pikel, wielding a whip of freezing and wearing a robe (heavily wounded, poisoned, confused)
The magic dart hits Pikel.
You now have 1/12 mp.
You are too injured to fight recklessly!
You are too injured to fight recklessly!
Pikel hits you with a whip of freezing.
* * * LOW HITPOINT WARNING * * *
Pikel freezes you.
You die...

#######..##.####..##.....########
# #..##..............# #
#..###.#.#..##.###.# # #..#
#.#.#..##.....# #
#<.###...#..######.# ## #
#...........######.## #. #
#.#####..#..........# #. #
####.#####..#..######..######. #
#.......##...@..(............. #
#.............K#####.######...
####.##..............#.##...†....
........##..##..#.##..###)##...##
###...####..##..#.##.##.###.†.##
##.....###..##..#.#.....##.....#
............(.<....######...##.##
##.....####.###........).........
###...#####..(r.>....#########.##


You could see Pikel (confused).

Vanquished Creatures
  4 adders (D:2)
  3 orcs (D:3)
  9 bats
  7 goblins
  7 hobgoblins
  3 quokkas (D:2)
  2 frilled lizards (D:2)
  4 kobolds
  7 rats
46 creatures vanquished.

Notes
Turn   | Place    | Note
-------+----------+-------------------------------------------
     0 | D:1      | drasked the Deep Elf Wizard began the quest for the Orb.
     0 | D:1      | Reached XP level 1. HP: 10/10 MP: 7/7
   165 | D:1      | Reached skill level 2 in Conjurations
   342 | D:1      | Reached XP level 2. HP: 15/15 MP: 3/9
   397 | D:1      | Learned a level 2 spell: Blink
   400 | D:1      | Learned a level 2 spell: Call Imp
   889 | D:2      | Reached skill level 3 in Conjurations
   892 | D:2      | Reached XP level 3. HP: 19/19 MP: 2/10
   897 | D:2      | Learned a level 3 spell: Mephitic Cloud
  1308 | D:2      | Reached skill level 1 in Air Magic
  1316 | D:2      | Reached skill level 1 in Poison Magic
  1466 | D:2      | Reached XP level 4. HP: 24/24 MP: 8/12
  2033 | D:3      | Reached skill level 4 in Conjurations
  2274 | D:4      | Noticed Pikel
  2274 | D:4      | Noticed a slave
  2274 | D:4      | Noticed a slave
  2274 | D:4      | Noticed a slave
  2274 | D:4      | Noticed a slave
  2320 | D:3      | HP: 5/24 [Pikel/whip of freezing (6)]
  2335 | D:3      | HP: 2/24 [Pikel/whip of freezing (4)]
  2335 | D:3      | Slain by Pikel

Vault maps used:
D:1:      evilmike_arrival_crescent
D:2:      minmay_misc_feat_roman, kennysheep_nondescript
D:3:      first_bread, minmay_cut_off
D:4:      tgw_xom, dancing_weapons_uskayaw, uniq_eustachio, uniq_pikel

Skill      XL: |  1  2  3  4 |
---------------+-------------+-----
Conjurations   | 2 3 4 |  4.1
Air Magic      | 1 |  1.1
Poison Magic   | 1 |  1.0
Dodging        | |  2.4
Stealth        | |  2.4
Spellcasting   | |  4.4
Summonings     | |  1.1
Translocations | |  1.1

Action                   |  1- 3 |  4- 6 || total
-------------------------+-------+-------++-------
Melee: Dagger            |       |     1 ||     1
 Cast: Magic Dart        |    66 |    28 ||    94
       Mephitic Cloud    |       |     3 ||     3
       Blink             |       |     1 ||     1
  Use: Scroll            |       |     5 ||     5
 Stab: Confused          |       |     1 ||     1
  Eat: Chunk             |     1 |     3 ||     4
Armor: Robe              |     1 |       ||     1
Dodge: Dodged            |     2 |     5 ||     7

Vault maps used:
D:1:      evilmike_arrival_crescent
D:2:      minmay_misc_feat_roman, kennysheep_nondescript
D:3:      first_bread, minmay_cut_off
D:4:      tgw_xom, dancing_weapons_uskayaw, uniq_eustachio, uniq_pikel

Table legend:
 A = Turns spent in this place as a percentage of turns spent in the entire game.
 B = Non-inter-level travel turns spent in this place as a percentage of non-inter-level travel turns spent in the entire game.
 C = Inter-level travel turns spent in this place as a percentage of turns spent in this place.
 D = Turns resting spent in this place as a percentage of non-inter-level travel turns spent in this place.
 E = Turns spent auto-exploring this place as a percentage of non-inter-level travel turns spent in this place.
 F = Non-inter-level travel turns spent in this place divided by the number of levels of this place that you've seen.
                   A       B       C       D       E      F
               +-------+-------+-------+-------+-------+----------------------
         Total | 100.0 | 100.0 |   0.6 |   1.9 |  17.6 | 132.0
       Dungeon | 100.0 | 100.0 |   0.6 |   1.9 |  17.6 | 132.0
               +-------+-------+-------+-------+-------+----------------------

Table legend:
 A = Kills in this place as a percentage of kills in entire the game.
 B = Kills by you in this place as a percentage of kills by you in the entire game.
 C = Kills by friends in this place as a percentage of kills by friends in the entire game.
 D = Other kills in this place as a percentage of other kills in the entire game.
 E = Experience gained in this place as a percentage of experience gained in the entire game.
 F = Experience gained in this place divided by the number of levels of this place that you have seen.
                   A       B       C       D       E      F
               +-------+-------+-------+-------+-------+----------------------
         Total | 100.0 | 100.0 |  -nan |  -nan | 100.0 |  31.8
       Dungeon | 100.0 | 100.0 |  -nan |  -nan | 100.0 |  31.8
               +-------+-------+-------+-------+-------+----------------------
